[Event "Fredericia IM 2019"]
[Site "Fredericia"]
[Date "2019.06.01"]
[Round "7.3"]
[White "Olsen, Filip Boe"]
[Black "Fries-Nielsen, Niels Jorgen"]
[Result "1/2-1/2"]
[ECO "A55"]
[WhiteElo "2394"]
[BlackElo "2328"]
[Annotator "ChessBase"]
[PlyCount "119"]
[EventDate "2019.05.29"]
[EventType "tourn"]
[EventCountry "DEN"]
[SourceTitle "playchess.com"]
[Source "ChessBase"]
[SourceQuality "1"]
[TimeControl "40/5400+30:1800+30"]

1. d4 d6 2. Nf3 Nf6 3. c4 Nbd7 4. Nc3 e5 5. e4 Be7 6. Be2 O-O 7. O-O Re8 8. Qc2 c6 9. h3 Qc7 10. Be3 Bf8 11. a3 a6 12. Rfd1 b6 13. Rac1 Bb7 14. dxe5 dxe5 15. Na4 Rad8 16. Nd2 Rb8 17. c5 b5 18. Nb6 Be7 19. b4 Nf8 20. Nf3 Rbd8 21. Bd2 Ng6 22. a4 Bc8 23. axb5 axb5 24. Ra1 Nd7 25. Be3 Ndf8 26. Rdc1 Ne6 27. Ra8 Bb7 28. Rxd8 Rxd8 29. Rd1 Nef4 30. Bf1 Ne6 31. g3 Bf6 32. h4 Nd4 33. Nxd4 exd4 34. Bc1 Bc8 35. Nxc8 Qxc8 36. h5 Ne5 37. f4 d3 38. Qb3 Nf3+ 39. Kf2 Qg4 40. Rxd3 Bd4+ 41. Be3 Bxe3+ 42. Kxe3 Nd4 43. Kf2 Ne6 44. Rxd8+ Nxd8 45. Be2 Qd7 46. Qd3 Qxd3 47. Bxd3 h6 48. f5 f6 49. Bc2 Kf8 50. Bb3 Ke7 51. Ke3 Nf7 52. Bxf7 Kxf7 53. Kf4 Ke7 54. e5 Kf7 55. exf6 gxf6 56. Ke4 Kg7 57. Kf4 Kh7 58. Ke4 Kg7 59. Kf4 Kh7 60. Ke4 1/2-1/2

[Event "Fredericia IM 2019"]
[Site "Fredericia"]
[Date "2019.06.01"]
[Round "7.4"]
[White "Easwaralingam, Adesh"]
[Black "Jacobsen, Mikkel Manosri"]
[Result "0-1"]
[ECO "B19"]
[WhiteElo "2123"]
[BlackElo "2319"]
[Annotator "ChessBase"]
[PlyCount "92"]
[EventDate "2019.05.29"]
[EventType "tourn"]
[EventCountry "DEN"]
[SourceTitle "playchess.com"]
[Source "ChessBase"]
[SourceQuality "1"]
[TimeControl "40/5400+30:1800+30"]

1. e4 c6 2. d4 d5 3. Nc3 dxe4 4. Nxe4 Bf5 5. Ng3 Bg6 6. h4 h6 7. Nf3 Nd7 8. h5 Bh7 9. Bd3 Bxd3 10. Qxd3 e6 11. Bd2 Ngf6 12. O-O-O Be7 13. Kb1 O-O 14. Ne4 Nxe4 15. Qxe4 Nf6 16. Qe2 Qd5 17. Ne5 Qe4 18. Qxe4 Nxe4 19. Be1 Rfd8 20. f3 Nf6 21. Bf2 Bd6 22. Nc4 Bc7 23. Bh4 Rd5 24. Bxf6 gxf6 25. Ne3 Rd7 26. c3 Kg7 27. Kc2 Rg8 28. Rh4 f5 29. g4 Bf4 30. Nc4 Kf6 31. Rg1 Rd5 32. Rf1 b5 33. Na5 c5 34. dxc5 Rxc5 35. Nb3 Rd5 36. Nd4 b4 37. Rhh1 bxc3 38. bxc3 Rc8 39. Rd1 Be5 40. Ne2 Rxd1 41. Rxd1 fxg4 42. fxg4 Kg5 43. Rg1 Rc4 44. Kd3 Rxg4 45. Rb1 Ra4 46. Ng1 Kg4 {[%emt 0:00:50] Kd4} 0-1

[Event "Fredericia IM 2019"]
[Site "Fredericia"]
[Date "2019.06.01"]
[Round "7.5"]
[White "Antonsen, Mikkel"]
[Black "Devereaux, Maxim L"]
[Result "0-1"]
[ECO "D25"]
[WhiteElo "2423"]
[BlackElo "2342"]
[Annotator "ChessBase"]
[PlyCount "72"]
[EventDate "2019.05.29"]
[EventType "tourn"]
[EventCountry "DEN"]
[SourceTitle "playchess.com"]
[Source "ChessBase"]
[SourceQuality "1"]
[TimeControl "40/5400+30:1800+30"]

1. d4 d5 2. c4 dxc4 3. Nf3 Nf6 4. e3 b5 5. a4 b4 6. Bxc4 e6 7. O-O Bb7 8. Nbd2 Nbd7 9. Qe2 Be7 10. e4 O-O 11. e5 Nd5 12. Ne4 h6 13. Bd3 Re8 14. Bd2 c5 15. dxc5 Bxc5 16. Rac1 Bf8 17. Bb5 a6 18. Bc6 Bxc6 19. Rxc6 Nb8 20. Rc4 Qd7 21. b3 Nc6 22. Rb1 Rec8 23. Qd3 Be7 24. Ng3 Kh8 25. Nh5 Bf8 26. Rh4 Nf6 27. Qxd7 Nxd7 28. Re4 Nc5 29. Re3 Rd8 30. Kf1 Rac8 31. Ke2 Nd4+ 32. Nxd4 Rxd4 33. Ng3 Rcd8 34. Be1 a5 35. Rc1 Nd3 36. Rc7 Nf4+ 0-1

[Event "Fredericia IM 2019"]
[Site "Fredericia"]
[Date "2019.06.02"]
[Round "8.1"]
[White "Easwaralingam, Adesh"]
[Black "Sorensen, Hampus"]
[Result "1/2-1/2"]
[ECO "C54"]
[WhiteElo "2123"]
[BlackElo "2343"]
[Annotator "ChessBase"]
[PlyCount "66"]
[EventDate "2019.05.29"]
[EventType "tourn"]
[EventCountry "DEN"]
[SourceTitle "playchess.com"]
[Source "ChessBase"]
[SourceQuality "1"]
[TimeControl "40/5400+30:1800+30"]

1. e4 e5 2. Nf3 Nc6 3. Bc4 Bc5 4. c3 Nf6 5. d4 exd4 6. e5 d5 7. Bb5 Ne4 8. cxd4 Bb6 9. Nc3 O-O 10. Be3 f5 11. exf6 Nxc3 12. bxc3 Qxf6 13. Qb3 Qd6 14. Bxc6 bxc6 15. Ne5 c5 16. O-O Be6 17. Rfe1 c4 18. Qa4 Rf5 19. g4 Rff8 20. h3 Rac8 21. f4 g6 22. Qc2 Rce8 23. a4 c5 24. a5 cxd4 25. cxd4 Bc7 26. Rf1 Bc8 27. Qg2 Qd8 28. Bd2 Bxe5 29. fxe5 Rxf1+ 30. Rxf1 Rf8 31. Rxf8+ Kxf8 32. Bb4+ Kg7 33. Qf3 a6 1/2-1/2

[Event "Fredericia IM 2019"]
[Site "Fredericia"]
[Date "2019.06.02"]
[Round "8.2"]
[White "Devereaux, Maxim L"]
[Black "Ahlander, Bjorn"]
[Result "0-1"]
[ECO "B42"]
[WhiteElo "2342"]
[BlackElo "2421"]
[Annotator "ChessBase"]
[PlyCount "68"]
[EventDate "2019.05.29"]
[EventType "tourn"]
[EventCountry "DEN"]
[SourceTitle "playchess.com"]
[Source "ChessBase"]
[SourceQuality "1"]
[TimeControl "40/5400+30:1800+30"]

1. e4 c5 2. Nf3 e6 3. d4 cxd4 4. Nxd4 a6 5. Bd3 Bc5 6. Nb3 Ba7 7. Nc3 Nc6 8. Qe2 d6 9. Be3 Nf6 10. O-O-O e5 11. f3 b5 12. Kb1 Be6 13. g4 Bxe3 14. Qxe3 O-O 15. Nd5 Bxd5 16. exd5 Ne7 17. Qd2 Ra7 18. Qf2 Qb8 19. g5 Nfxd5 20. Be4 Nb6 21. Rhg1 d5 22. Bd3 Qd6 23. Qh4 g6 24. f4 Nc4 25. Bxc4 bxc4 26. Nd2 Qb6 27. fxe5 a5 28. Nf3 Nf5 29. Qe1 d4 30. Qf2 Rb8 31. b3 a4 32. Nxd4 axb3 33. cxb3 cxb3 34. a4 Rxa4 0-1

[Event "Fredericia IM 2019"]
[Site "Fredericia"]
[Date "2019.06.02"]
[Round "8.3"]
[White "Jacobsen, Mikkel Manosri"]
[Black "Vasli, Aref"]
[Result "1/2-1/2"]
[ECO "A77"]
[WhiteElo "2319"]
[BlackElo "2346"]
[Annotator "ChessBase"]
[PlyCount "82"]
[EventDate "2019.05.29"]
[EventType "tourn"]
[EventCountry "DEN"]
[SourceTitle "playchess.com"]
[Source "ChessBase"]
[SourceQuality "1"]
[TimeControl "40/5400+30:1800+30"]

1. d4 Nf6 2. c4 e6 3. Nf3 c5 4. d5 d6 5. Nc3 exd5 6. cxd5 g6 7. e4 Bg7 8. Be2 O-O 9. O-O Re8 10. Nd2 a6 11. a4 Nbd7 12. Ra3 Rb8 13. Qc2 Ne5 14. a5 Bg4 15. f3 Bd7 16. f4 Neg4 17. Nc4 Bb5 18. Nxb5 axb5 19. Nb6 h5 20. h3 Nh6 21. e5 b4 22. Rd3 Nd7 23. Nc4 Nf5 24. g4 Nd4 25. Rxd4 cxd4 26. Nxd6 Qh4 27. Bb5 Red8 28. Qg2 Nc5 29. g5 Nb3 30. Qf3 Nxc1 31. Rxc1 Bxe5 32. fxe5 Qxg5+ 33. Kf2 Qd2+ 34. Be2 Rxd6 35. Rd1 Qe3+ 36. Qxe3 dxe3+ 37. Kxe3 Re8 38. Kd4 Rdd8 39. Bc4 f6 40. exf6 Rd6 41. Rf1 Kf7 {[%emt 0:09:09] Ke4} 1/2-1/2

[Event "Fredericia IM 2019"]
[Site "Fredericia"]
[Date "2019.06.02"]
[Round "8.4"]
[White "Fries-Nielsen, Niels Jorgen"]
[Black "Antonsen, Mikkel"]
[Result "1/2-1/2"]
[ECO "D02"]
[WhiteElo "2328"]
[BlackElo "2423"]
[Annotator "ChessBase"]
[PlyCount "45"]
[EventDate "2019.05.29"]
[EventType "tourn"]
[EventCountry "DEN"]
[SourceTitle "playchess.com"]
[Source "ChessBase"]
[SourceQuality "1"]
[TimeControl "40/5400+30:1800+30"]

1. Nf3 d5 2. d4 Nf6 3. c3 g6 4. h3 Bg7 5. Bf4 O-O 6. Nbd2 b6 7. e3 c5 8. Be2 Ba6 9. O-O Bxe2 10. Qxe2 Qc8 11. Rfe1 Qa6 12. Qxa6 Nxa6 13. Be5 Nb8 14. e4 dxe4 15. Nxe4 Nxe4 16. Bxg7 Kxg7 17. Rxe4 cxd4 18. Rxd4 Nc6 19. Rc4 Na5 20. Rd4 Nc6 21. Rc4 Na5 22. Rd4 Nc6 23. Rc4 1/2-1/2

[Event "Fredericia IM 2019"]
[Site "Fredericia"]
[Date "2019.06.02"]
[Round "8.5"]
[White "Pedersen, Nicolai Kvist Brondt"]
[Black "Olsen, Filip Boe"]
[Result "0-1"]
[ECO "A46"]
[WhiteElo "2325"]
[BlackElo "2394"]
[Annotator "ChessBase"]
[PlyCount "106"]
[EventDate "2019.05.29"]
[EventType "tourn"]
[EventCountry "DEN"]
[SourceTitle "playchess.com"]
[Source "ChessBase"]
[SourceQuality "1"]
[TimeControl "40/5400+30:1800+30"]

1. d4 Nf6 2. Nf3 e6 3. c4 d5 4. g3 Bb4+ 5. Bd2 Be7 6. Bg2 O-O 7. O-O Nbd7 8. Qc2 c6 9. Bf4 b6 10. cxd5 cxd5 11. Rc1 Bb7 12. Nc3 Nh5 13. Bd2 Nhf6 14. Bf4 Nh5 15. Bd2 a6 16. Ne5 Nhf6 17. Nd3 Rc8 18. Qb3 Ne8 19. Nd1 Rxc1 20. Rxc1 Nd6 21. Bb4 a5 22. Bxd6 Bxd6 23. Nc3 h5 24. h4 g5 25. Nb5 Bb8 26. hxg5 Qxg5 27. Nf4 h4 28. Rc3 Bxf4 29. gxf4 Qxf4 30. Qc2 Kh8 31. Rf3 Qg4 32. Nd6 Ba6 33. Qd2 Qh5 34. Qf4 Bxe2 35. Rh3 Bg4 36. Rh2 f5 37. f3 Rg8 38. fxg4 Rxg4 39. Qe3 Qg6 40. Qf2 Qf6 41. Kh1 Qxd4 42. Qe1 Qf4 43. Bxd5 Qxd6 44. Bf3 Qg3 45. Qc3+ Rg7 46. Rg2 Qe5 47. Qd2 Rxg2 48. Qh6+ Kg8 49. Bxg2 Qe1+ 50. Kh2 Qg3+ 51. Kh1 Nf8 52. Qh5 Ng6 53. Qe2 Nf4 0-1

[Event "Fredericia IM 2019"]
[Site "Fredericia"]
[Date "2019.06.02"]
[Round "9.2"]
[White "Ahlander, Bjorn"]
[Black "Fries-Nielsen, Niels Jorgen"]
[Result "1/2-1/2"]
[ECO "A40"]
[WhiteElo "2421"]
[BlackElo "2328"]
[Annotator "ChessBase"]
[PlyCount "60"]
[EventDate "2019.05.29"]
[EventType "tourn"]
[EventCountry "DEN"]
[SourceTitle "playchess.com"]
[Source "ChessBase"]
[SourceQuality "1"]
[TimeControl "40/5400+30:1800+30"]

1. d4 g6 2. Nf3 Bg7 3. c4 d6 4. Nc3 Nc6 5. d5 Ne5 6. Nxe5 Bxe5 7. e4 f5 8. exf5 Bxf5 9. Be2 h5 10. Nb5 Qd7 11. h3 e6 12. Nd4 Ne7 13. Nf3 exd5 14. cxd5 Be4 15. O-O Bxd5 16. Nxe5 dxe5 17. Bg5 O-O-O 18. Qc1 Rde8 19. Qc5 b6 20. Qa3 Kb8 21. Rfd1 Nf5 22. Bf1 Nd4 23. Rac1 Rhf8 24. Be3 Qf7 25. b4 Bb7 26. Qc3 Rd8 27. a3 Nf5 28. Rxd8+ Rxd8 29. Qxe5 Nxe3 30. Qxe3 Rh8 1/2-1/2

[Event "Fredericia IM 2019"]
[Site "Fredericia"]
[Date "2019.06.02"]
[Round "9.3"]
[White "Vasli, Aref"]
[Black "Devereaux, Maxim L"]
[Result "0-1"]
[ECO "A05"]
[WhiteElo "2346"]
[BlackElo "2342"]
[Annotator "RC"]
[PlyCount "112"]
[EventDate "2019.05.29"]
[EventType "tourn"]
[EventCountry "DEN"]
[SourceTitle "playchess.com"]
[Source "ChessBase"]
[SourceQuality "1"]
[TimeControl "40/5400+30:1800+30"]

1. Nf3 Nf6 2. g3 b5 3. Bg2 Bb7 4. O-O e6 5. d3 d5 6. Nbd2 Be7 7. e4 O-O 8. Qe2 c5 9. Re1 Re8 10. h4 Nc6 11. Nf1 Qb6 12. e5 Nd7 13. N1h2 Rac8 14. Bf4 Nd4 15. Nxd4 cxd4 16. h5 Rc6 17. Nf3 Rec8 18. Rec1 a5 19. g4 b4 20. h6 g6 21. Rab1 Ba6 22. Qd2 Bb5 23. Bf1 Ba4 24. Bg5 Bf8 25. Qf4 Rxc2 26. Rxc2 Rxc2 27. Nxd4 Rc8 28. b3 Bc6 29. Nxc6 Rxc6 30. d4 Rc3 31. Qd2 Nb8 32. Be3 Nc6 33. Kg2 Be7 34. Be2 f6 35. exf6 Bxf6 36. Rd1 Kf7 37. f4 Qc7 38. Bd3 Ne7 39. Bb1 Nc8 40. Qe2 Nd6 41. Bf2 Rc1 42. Be3 Rxd1 43. Qxd1 Qc3 44. Qd3 Ne4 45. Kf1 Qa1 46. Kg2 Nc3 47. Bc2 Qxa2 48. f5 exf5 49. gxf5 Ne4 50. fxg6+ Kxg6 51. Qe2 Kf7 52. Kh3 Ke7 53. Qd1 Qb2 54. Kg4 Qc3 55. Bxe4 Qxe3 56. Bxh7 Qg5+ 0-1

[Event "Fredericia IM 2019"]
[Site "Fredericia"]
[Date "2019.06.02"]
[Round "9.4"]
[White "Olsen, Filip Boe"]
[Black "Easwaralingam, Adesh"]
[Result "1-0"]
[ECO "E53"]
[WhiteElo "2394"]
[BlackElo "2123"]
[Annotator "ChessBase"]
[PlyCount "69"]
[EventDate "2019.05.29"]
[EventType "tourn"]
[EventCountry "DEN"]
[SourceTitle "playchess.com"]
[Source "ChessBase"]
[SourceQuality "1"]
[TimeControl "40/5400+30:1800+30"]

1. d4 Nf6 2. c4 e6 3. Nc3 Bb4 4. e3 d5 5. Nf3 O-O 6. Bd3 c5 7. cxd5 Nxd5 8. O-O cxd4 9. exd4 h6 10. Qb3 Nc6 11. a3 Bd6 12. Be3 Nce7 13. Nxd5 Nxd5 14. Bc2 b6 15. Qd3 Nf6 16. Nd2 Bb7 17. h3 Qc8 18. Rfc1 Bb8 19. f3 Qc7 20. Nf1 Qd6 21. Bf2 Rd8 22. Rd1 Qd5 23. Ne3 Qg5 24. Ng4 Nxg4 25. hxg4 g6 26. Qe3 Bf4 27. Qe1 Qb5 28. Be3 Bxe3+ 29. Qxe3 Kg7 30. a4 Qxb2 31. Qe5+ Kh7 32. Qc7 Rf8 33. Rab1 Qa3 34. Qxb7 Qe3+ 35. Kf1 1-0

[Event "Fredericia IM 2019"]
[Site "Fredericia"]
[Date "2019.06.02"]
[Round "9.5"]
[White "Antonsen, Mikkel"]
[Black "Pedersen, Nicolai Kvist Brondt"]
[Result "1-0"]
[ECO "D12"]
[WhiteElo "2423"]
[BlackElo "2325"]
[Annotator "ChessBase"]
[PlyCount "73"]
[EventDate "2019.05.29"]
[EventType "tourn"]
[EventCountry "DEN"]
[SourceTitle "playchess.com"]
[Source "ChessBase"]
[SourceQuality "1"]
[TimeControl "40/5400+30:1800+30"]

1. d4 Nf6 2. c4 c6 3. Nf3 d5 4. e3 Bf5 5. Nc3 e6 6. Nh4 Be4 7. f3 Bg6 8. Qb3 Qc7 9. Bd2 Be7 10. Nxg6 hxg6 11. O-O-O a6 12. cxd5 cxd5 13. Kb1 Nc6 14. Rc1 Rc8 15. g4 O-O 16. Qd1 Qd7 17. Na4 Nb8 18. Rxc8 Qxc8 19. h4 Nbd7 20. h5 gxh5 21. g5 Nh7 22. e4 g6 23. exd5 exd5 24. f4 f5 25. Qb3 Re8 26. Qxd5+ Kh8 27. Qf7 b5 28. d5 Bxg5 29. fxg5 Ne5 30. Bc3 bxa4 31. Bxa6 Qb8 32. d6 Qa8 33. Re1 Nxg5 34. Qxg6 Ngf3 35. Qh6+ Kg8 36. Bc4+ Nxc4 37. Qg7# 1-0